[Event "45th FIDE Olympiad 2024"]
[Site "Budapest"]
[Date "2024.09.15"]
[Round "5.49"]
[White "Supi, Luis Paulo"]
[Black "Predke, Alexandr"]
[Result "0-1"]
[ECO "C50"]
[WhiteElo "2570"]
[BlackElo "2671"]
[Annotator "TA"]
[PlyCount "208"]
[EventDate "2024.09.05"]
[EventType "team-tourn"]
[EventCountry "HUN"]
[SourceTitle "playchess.com"]
[Source "ChessBase"]
[SourceQuality "1"]
[WhiteTeam "Brazil"]
[BlackTeam "Serbia"]
[WhiteTeamCountry "BRA"]
[BlackTeamCountry "SRB"]
[TimeControl "40/5400+30:1800+30"]

1. e4 e5 2. Nf3 Nc6 3. Bc4 Nf6 4. d3 Bc5 5. a3 O-O 6. Nc3 a5 7. h3 d6 8. Bg5 {[%emt 0:00:51] The position is equal.} h6 9. Bh4 Be6 10. Nd2 Nd4 11. Nd5 {[%emt 0:14:49] Threatens to win with Nxf6+.} Bxd5 12. exd5 (12. Bxd5 $11 g5 13. Bg3) 12... b5 $15 13. Ba2 Nf5 14. Bxf6 Qxf6 15. Ne4 {[%emt 0:00:19] Repels Ng3} Qg6 16. Qg4 (16. O-O {seems wilder.} Bd4 17. c3 Ba7 18. Qe2) 16... Bb6 17. Qxg6 fxg6 18. h4 Ne7 19. Ke2 (19. g3 $11 {should be considered.}) 19... Kh7 20. Raf1 Ng8 21. c3 Nf6 22. f3 Kg8 23. Ra1 Nh5 24. g3 {[%emt 0:00:28] Prevents Nf4+} Nf6 25. a4 Nxe4 26. dxe4 bxa4 27. Bc4 g5 28. hxg5 ({Don't play} 28. Rxa4 g4 29. Rf1 gxf3+ 30. Rxf3 g6 $17) 28... hxg5 29. g4 Kf7 30. Kf1 Rh8 31. Rxh8 Rxh8 $11 {[%emt 0:00:03][%mdl 4096] Endgame. KRB-KRB} 32. Kg2 {[%emt 0:00:06] Wards off Rh1} Be3 33. Rxa4 Bf4 34. Rxa5 Rh2+ 35. Kf1 Be3 {[%emt 0:00:10] Prevents Ra7} 36. Be2 Rh1+ 37. Kg2 Rg1+ 38. Kh2 Rc1 39. Kg2 Rc2 40. Kf1 Rxb2 41. Rb5 Rc2 42. Rb3 Rc1+ 43. Kg2 (43. Bd1 $5) 43... Rg1+ 44. Kh2 Re1 45. Bb5 Rc1 46. Rb2 Rxc3 47. Kg2 Ra3 48. Rc2 Bb6 49. Bc4 Ra4 50. Bb5 Ra1 51. Bc4 Rg1+ 52. Kh2 Rb1 53. Kg2 Ke7 54. Bd3 Rg1+ 55. Kh2 Ra1 56. Bc4 Rb1 57. Ba2 Rf1 58. Kg2 Rg1+ 59. Kh2 Kd7 60. Bb3 Kc8 61. Bc4 Rb1 62. Ra2 Kb7 63. Ba6+ Kb8 64. Bc4 Bd4 65. Ba6 Rc1 66. Kg2 Ka7 67. Bd3+ Kb7 68. Rc2 Rg1+ 69. Kh2 Ra1 70. Kg2 Rg1+ 71. Kh2 Rd1 72. Be2 Rb1 73. Kg2 Bc5 74. Bd3 {[%emt 0:00:09][%cal Oc2c5] And now Rxc5! would win.} Rg1+ 75. Kh2 {[%emt 0:00:11][%cal Oc2c5] Rxc5! is the strong threat.} Rd1 76. Rb2+ Ka7 77. Ra2+ Kb7 78. Rb2+ Bb6 79. Bb5 Ra1 80. Bc6+ Ka6 81. Kg2 Bd4 82. Rc2 (82. Rb3 $15) 82... Ka5 $1 $17 83. Be8 Bb6 84. Rb2 $1 Rg1+ 85. Kh2 {[%emt 0:00:08] Hoping for Rb5+.} Rc1 86. Rb5+ Ka6 87. Rb2 Bd4 88. Ra2+ Kb6 89. Kg2 Kc5 90. Ra5+ ({White should try} 90. Bg6 $15) 90... Kc4 91. Ra2 {[%emt 0:00:14] Prevents Rc2+} Kb3 ({Black should play} 91... g6 $1 92. Bd7 Kb3) 92. Re2 g6 93. Bb5 ({Better is} 93. Bxg6 Kc4 94. Be8) 93... Ra1 94. Kg3 Kb4 95. Be8 Kc3 96. Kg2 Ra5 97. Bd7 Kd3 98. Kf1 $2 {[%emt 0:00:07] [#] White does not recover from this.} (98. Re1 $17) 98... Ra1+ $1 $19 99. Re1 {[%emt 0:00:01] [#]} Rxe1+ $1 100. Kxe1 Ke3 101. Be8 Kxf3 102. Bxg6 Kxg4 {[%emt 0:00:04] Black mates.} 103. Ke2 Kf4 104. Kf1 Kf3 {[%emt 0:00:06] Weighted Error Value: White=0.06 (flawless) /Black=0.04 (flawless) .  Loses game:     	White=1     	---        Mistake:       	White=5     	Black=1      Inaccurate:     	White=3     	Black=4      OK:         	White=45    	Black=46     Best:        	White=4     	Black=2      Strong:       	White=1     	Black=2} 0-1

[Event "45th FIDE Olympiad 2024"]
[Site "Budapest"]
[Date "2024.09.15"]
[Round "5.49"]
[White "Pereira, Sergio"]
[Black "Kamara, Ansumana"]
[Result "1-0"]
[ECO "B30"]
[WhiteElo "1988"]
[BlackElo "1876"]
[PlyCount "83"]
[EventDate "2024.09.05"]
[EventType "team-tourn"]
[EventCountry "HUN"]
[WhiteTeam "Sao Tome and Principe"]
[BlackTeam "Sierra Leone"]
[WhiteTeamCountry "SAO"]
[BlackTeamCountry "SIE"]
[TimeControl "40/5400+30:1800+30"]

1. e4 c5 2. Nc3 e5 3. Bc4 Nc6 4. Nf3 Be7 5. d3 Nf6 6. Nd2 d6 7. Nf1 Bg4 8. f3 Bd7 9. Ne3 a6 10. Bd5 O-O 11. O-O Rb8 12. f4 exf4 13. Rxf4 Nxd5 14. Ncxd5 Bg5 15. Rf2 Be6 16. Nf4 b5 17. g3 a5 18. Bd2 a4 19. Nxe6 fxe6 20. Rxf8+ Qxf8 21. Qg4 Qf6 22. h4 Bxe3+ 23. Bxe3 Ne5 24. Qf4 Nf3+ 25. Kg2 Qxb2 26. Qxd6 Rf8 27. Qxe6+ Kh8 28. Rc1 Qc3 29. Qe7 Kg8 30. Qxc5 Qf6 31. Qh5 g6 32. Qd5+ Rf7 33. Bh6 Nd4 34. Qa8+ Rf8 35. Bxf8 Qf3+ 36. Kh3 Kf7 37. Qd5+ Ne6 38. Bh6 Ke7 39. Qxb5 Kf7 40. Qd7+ Kf6 41. e5+ Kxe5 42. Re1+ 1-0

[Event "45th FIDE Olympiad 2024"]
[Site "Budapest"]
[Date "2024.09.15"]
[Round "5.50"]
[White "Sarana, Alexey"]
[Black "Fier, Alexandr"]
[Result "1-0"]
[ECO "D46"]
[WhiteElo "2713"]
[BlackElo "2551"]
[Annotator "TA"]
[PlyCount "97"]
[EventDate "2024.09.05"]
[EventType "team-tourn"]
[EventCountry "HUN"]
[SourceTitle "playchess.com"]
[Source "ChessBase"]
[SourceQuality "1"]
[WhiteTeam "Serbia"]
[BlackTeam "Brazil"]
[WhiteTeamCountry "SRB"]
[BlackTeamCountry "BRA"]
[TimeControl "40/5400+30:1800+30"]

1. d4 d5 2. c4 c6 3. Nf3 Nf6 4. Nc3 e6 5. e3 Nbd7 6. Bd3 dxc4 7. Bxc4 Bd6 8. Qc2 O-O 9. O-O e5 10. a3 Qe7 11. h3 e4 12. Ng5 Nb6 13. Ba2 Bf5 {[%emt 0:00:06] White is slightly better.} 14. f3 Nbd5 15. Ngxe4 Nxc3 16. Nxf6+ Qxf6 17. Qxc3 {[%emt 0:00:06] e4 would now be deadly.} c5 18. dxc5 Be5 19. Qe1 Qg6 20. f4 Be4 21. Qf2 (21. fxe5 $2 Qxg2#) 21... Bf6 22. f5 $1 Qh6 23. Bb1 Rfe8 24. Bxe4 Rxe4 25. Ra2 Rae8 26. b4 Bg5 27. Re2 ({Better is} 27. b5 $16) 27... Qc6 $14 28. Rd1 a5 29. Qe1 ({Much weaker is} 29. bxa5 Qxc5 30. a6 (30. Rc2 Qxa5 31. Qf3 h6 $15) 30... bxa6 $15) 29... axb4 30. axb4 Qb5 31. Bd2 h6 32. Kh1 R8e5 (32... b6 $11) 33. Bc3 Rxf5 34. Qd2 Qc4 35. Qc2 Qe6 36. Bd4 Bh4 37. b5 {[%emt 0:02:33] Threatens to win with c6.} Bg3 38. c6 bxc6 39. Qxc6 Rd5 {[%emt 0:04:38] [#]} 40. Red2 $1 {[%emt 0:01:30] Qa8+ is the strong threat.} Rd6 (40... Qxc6 $16 41. bxc6 Rd8) 41. Qa8+ $18 Kh7 {[%emt 0:30:07][%cal Bg8h7,Bh7g6,Bg6f5][%mdl 32] [#]} 42. Bxg7 $1 Rh4 $2 (42... Kxg7 $18 43. Rxd6 Bxd6 44. Rxd6 Qe5) 43. Qh8+ Kg6 44. Rxd6 Bxd6 {[%emt 0:00:00] [#]} 45. Rxd6 $1 Qxd6 46. Bd4 {[%emt 0:00:00] And now b6 would win.} Kf5 47. b6 Rxh3+ 48. gxh3 Qc6+ 49. Kh2 {[%emt 0:00:00] Weighted Error Value: White=0.07 (flawless) /Black=0.46.  Mistake:       	White=1     	Black=3      Inaccurate:     	White=4     	Black=4      OK:         	White=11    	Black=9      Best:        	White=5     	Black=1      Strong:       	White=3     	---} ({Not} 49. Kg1 Qc1+ 50. Kg2 Qd2+ 51. Kf1 Qd1+ 52. Kf2 Qd2+ 53. Kf3 Qd1+ 54. Kf2 Qd2+ 55. Kg3 Qe1+ 56. Kf3 Qd1+ (56... Qf1+ 57. Kg3 $11) 57. Kf2 $11) 1-0

[Event "45th FIDE Olympiad 2024"]
[Site "Budapest"]
[Date "2024.09.15"]
[Round "5.50"]
[White "Winston Gerald, Mansfield Thomas"]
[Black "Espirito Santo, Waldyr"]
[Result "1/2-1/2"]
[ECO "C01"]
[WhiteElo "1950"]
[BlackElo "1926"]
[PlyCount "122"]
[EventDate "2024.09.05"]
[EventType "team-tourn"]
[EventCountry "HUN"]
[WhiteTeam "Sierra Leone"]
[BlackTeam "Sao Tome and Principe"]
[WhiteTeamCountry "SIE"]
[BlackTeamCountry "SAO"]
[TimeControl "40/5400+30:1800+30"]

1. e4 e6 2. d4 d5 3. exd5 exd5 4. Bd3 Bd6 5. Nf3 Nc6 6. c3 Nge7 7. Qc2 Bg4 8. Nbd2 Qd7 9. h3 Bf5 10. a3 Bxd3 11. Qxd3 Ng6 12. Nf1 Nce7 13. g3 f6 14. Ne3 c6 15. Bd2 O-O-O 16. O-O-O Kb8 17. Kb1 Qc7 18. b4 Nf8 19. c4 dxc4 20. Nxc4 Nd5 21. Rhe1 Ng6 22. h4 Rhe8 23. h5 Nf8 24. Nh4 Rxe1 25. Rxe1 Qf7 26. Nxd6 Rxd6 27. Qf5 g6 28. hxg6 hxg6 29. Qd3 Rd8 30. Bh6 g5 31. Nf5 Ne6 32. Kb2 Qd7 33. Qe4 Re8 34. Qf3 Rh8 35. Qe4 Nec7 36. Qf3 Re8 37. Re4 Nb6 38. Ne3 Ncd5 39. Nxd5 Nxd5 40. Rxe8+ Qxe8 41. Qf5 Qe2+ 42. Qc2 Qe8 43. Qc5 Qe2+ 44. Qc2 Qxc2+ 45. Kxc2 Kc8 46. Kd3 Kd7 47. Bf8 Ke6 48. a4 b5 49. axb5 cxb5 50. g4 a6 51. Ke4 Nc3+ 52. Kd3 Nd1 53. Ke2 Nb2 54. Ke3 Nc4+ 55. Ke4 Nb6 56. Bc5 Nd5 57. Bf8 Nf4 58. Bc5 Nd5 59. f3 Nc3+ 60. Kd3 Nd5 61. Ke4 Nc3+ 1/2-1/2

[Event "45th FIDE Olympiad 2024"]
[Site "Budapest"]
[Date "2024.09.15"]
[Round "5.51"]
[White "Quintiliano, Renato R."]
[Black "Markus, Robert"]
[Result "1-0"]
[ECO "E94"]
[WhiteElo "2499"]
[BlackElo "2586"]
[Annotator "TA"]
[PlyCount "79"]
[EventDate "2024.09.05"]
[EventType "team-tourn"]
[EventCountry "HUN"]
[SourceTitle "playchess.com"]
[Source "ChessBase"]
[SourceQuality "1"]
[WhiteTeam "Brazil"]
[BlackTeam "Serbia"]
[WhiteTeamCountry "BRA"]
[BlackTeamCountry "SRB"]
[TimeControl "40/5400+30:1800+30"]

1. d4 Nf6 2. c4 d6 3. Nf3 Nbd7 4. Nc3 e5 5. e4 g6 6. Be2 Bg7 7. O-O O-O 8. Be3 h6 9. dxe5 dxe5 10. h3 c6 11. Qc2 Qe7 12. Rad1 {[%emt 0:01:04] White is slightly better.} Nc5 13. Rfe1 Nh7 14. Qd2 h5 15. Qd6 Qxd6 16. Rxd6 Ne6 17. c5 Re8 18. Bc4 Nhf8 19. Red1 Re7 20. Nh4 {[%emt 0:09:36] White is much more active.} (20. b4 $16) 20... Rc7 (20... Bf6 $11 21. Nf3 h4) 21. g3 ({Better is} 21. b4 $16) 21... Nd4 $11 22. Nxg6 Nxg6 23. Rxg6 {[%emt 0:00:07] [#] Rxd4 would now be deadly.} Kh7 (23... Be6 $1 $15 24. Rxe6 Nxe6) 24. Rd6 $36 {[%emt 0:02:09][%mdl 2048] Black is under pressure.} Bxh3 25. Bxd4 exd4 26. Ne2 Re8 ({Black should try} 26... Be5 $14) 27. Nxd4 (27. f3 $16) 27... Kg8 (27... Bf8 $11) 28. Nf5 Rxe4 (28... Bxf5 $1 $14 29. exf5 Bxb2) 29. Rd8+ $16 Bf8 30. Nd6 Re5 31. b4 Rce7 (31... a5 $16) 32. Rd4 $18 b6 33. Rf4 Be6 34. Bxe6 R5xe6 35. Rc8 bxc5 36. bxc5 Rd7 37. Ne8 {[%emt 0:02:00] Hoping for Nf6+.} (37. Rxc6 Bxd6 38. cxd6 (38. Rxd6 Rdxd6 39. cxd6 Rxd6 $14) 38... Rexd6 39. Rxd6 Rxd6 $14) 37... Rd1+ (37... f5 $142 38. Nd6 (38. Rxf5 Rf7 $18) 38... Rf6) 38. Kg2 Re5 39. Nd6 Re7 {[%emt 0:01:07] [#]} (39... Rde1 {was worth a try.} 40. Nxf7 (40. Rxc6 Bxd6 41. cxd6 Rd1 $18) (40. Rxf7 Re8 $18) 40... R5e4) 40. Rb4 {[%emt 0:01:00] Weighted Error Value: White=0.20 (precise) /Black=0.39.  Mistake:       	White=3     	Black=8      Inaccurate:     	White=1     	Black=2      OK:         	White=10    	Black=6      Best:        	White=3     	Black=2} 1-0

[Event "45th FIDE Olympiad 2024"]
[Site "Budapest"]
[Date "2024.09.15"]
[Round "5.51"]
[White "Nascimento, Admilton De Ceita Do"]
[Black "Adeshole Beckley, Brian"]
[Result "1/2-1/2"]
[ECO "E01"]
[WhiteElo "1908"]
[BlackElo "1814"]
[PlyCount "97"]
[EventDate "2024.09.05"]
[EventType "team-tourn"]
[EventCountry "HUN"]
[WhiteTeam "Sao Tome and Principe"]
[BlackTeam "Sierra Leone"]
[WhiteTeamCountry "SAO"]
[BlackTeamCountry "SIE"]
[TimeControl "40/5400+30:1800+30"]

1. d4 Nf6 2. c4 c6 3. Nf3 d5 4. g3 e6 5. cxd5 exd5 6. Bg2 Bb4+ 7. Nbd2 O-O 8. O-O Re8 9. a3 Bd6 10. Nb1 Bf5 11. Nc3 Nbd7 12. Bg5 h6 13. Be3 Qe7 14. Re1 Ne4 15. Nh4 Nxc3 16. bxc3 Bh7 17. Qb3 Nb6 18. a4 Nc4 19. Bc1 b6 20. Bf3 Qf6 21. Bg4 Re7 22. Ng2 Rae8 23. Ne3 Nxe3 24. Bxe3 Be4 25. Rac1 g6 26. Bh3 h5 27. Qb2 g5 28. Qd2 Qg6 29. Bxg5 f6 30. Bf4 Bxf4 31. Qxf4 Qg5 32. Qd6 h4 33. e3 hxg3 34. hxg3 Qh5 35. Bg2 Rh7 36. f3 Bxf3 37. Rc2 Bxg2 38. Rxg2 Qf5 39. Qxc6 Ree7 40. c4 dxc4 41. Qxc4+ Kg7 42. g4 Qf3 43. g5 f5 44. d5 Re4 45. Qc3+ Kg8 46. Qc8+ Kg7 47. g6 Rg4 48. Qd7+ Kxg6 49. Qe8+ 1/2-1/2

[Event "45th FIDE Olympiad 2024"]
[Site "Budapest"]
[Date "2024.09.15"]
[Round "5.52"]
[White "Ivic, Velimir"]
[Black "Di Berardino, Diego Rafael"]
[Result "1/2-1/2"]
[ECO "C11"]
[WhiteElo "2599"]
[BlackElo "2472"]
[Annotator "TA"]
[PlyCount "129"]
[EventDate "2024.09.05"]
[EventType "team-tourn"]
[EventCountry "HUN"]
[SourceTitle "playchess.com"]
[Source "ChessBase"]
[SourceQuality "1"]
[WhiteTeam "Serbia"]
[BlackTeam "Brazil"]
[WhiteTeamCountry "SRB"]
[BlackTeamCountry "BRA"]
[TimeControl "40/5400+30:1800+30"]

1. e4 e6 2. d4 d5 3. Nc3 Nf6 4. e5 Nfd7 5. f4 c5 6. Nf3 Nc6 7. Be3 a6 8. Ne2 Qb6 9. Qc1 Be7 10. c3 f6 11. h4 O-O 12. h5 h6 13. Rh3 Rf7 14. Qc2 cxd4 15. Bxd4 ({White has to play} 15. cxd4 $11 fxe5 16. fxe5) 15... Qc7 $1 $17 16. exf6 Nxd4 17. Nexd4 Rxf6 18. f5 Nc5 19. Nh4 Rf7 $1 20. Ndf3 e5 21. g4 e4 22. Nd4 Qf4 $1 23. Ng6 {[%emt 0:03:42] Inhibits Nd3+.} Qxg4 {[%emt 0:03:24] Hoping for ...Nd3+.} 24. Qh2 {[%emt 0:03:49] [#] Nxe7+ would now be deadly.} Nd3+ $1 (24... Bxf5 $2 25. Rg3 Bd6 26. Rxg4 Bxh2 27. Nxf5 $18) 25. Bxd3 exd3 26. Re3 {[%emt 0:01:28] [#] Prevents Qe4.} d2+ $1 27. Qxd2 Bh4+ 28. Nxh4 Qxh4+ 29. Qf2 Qh1+ (29... Qxh5 30. Qf3 (30. Re8+ Kh7 $17) 30... Qxf3 31. Rxf3) (29... Qxf2+ 30. Kxf2 Bxf5 31. Re5 $17) 30. Qf1 Qxf1+ 31. Kxf1 Bxf5 32. Re5 Be4+ 33. Ke2 $1 Rd8 34. Rg1 Kh7 35. Ke3 Rdd7 $1 36. a4 Rde7 37. Rxe7 Rxe7 $15 {[%emt 0:00:04][%mdl 4096] Endgame. KRB-KRN} 38. Kf4 a5 39. Re1 Kg8 ({Black should try} 39... g6 $15 40. hxg6+ Kxg6) 40. c4 Kf8 41. c5 {[%emt 0:03:14] The position is equal.} Rf7+ 42. Ke5 Ke7 43. Re3 Kd7 44. Rb3 Re7+ 45. Kf4 Kc7 46. Rb6 Bg2 {[%emt 0:08:34] And now ...Re4+ would win.} 47. Ne6+ Kb8 {[%emt 0:00:17] aiming for ...Bh3.} 48. c6 d4 49. Nxd4 Re4+ 50. Kg3 Rxd4 51. Rxb7+ Kc8 52. Kxg2 Rxa4 $11 {[%emt 0:00:03] KR-KR} 53. Kg3 Ra1 54. Kf4 (54. Rxg7 {is a self mate.} Rg1+ 55. Kf4 Rxg7 56. Ke5 a4 57. Kd4 Rg3 58. Kd5 Kc7 59. Ke5 Kxc6 60. Kf6 Rb3 (60... Rf3+ {leads to mate.} 61. Kg6 Kd6 62. Kh7 Ke6 63. Kg7 Rg3+ 64. Kh7 Kf7 65. Kh8 Rb3 66. Kh7 Rb8 67. Kxh6 Rb5 68. b3 axb3 69. Kh7 Rxh5#) 61. Ke5 Rxb2 62. Kf4 a3 63. Kf5 a2 64. Kf6 a1=Q (64... a1=B 65. Kg7 Rg2+ 66. Kxh6 Kd6 67. Kh7 Ke6 68. Kh6 Bg7+ 69. Kh7 Kf7 70. h6 Rg3 71. hxg7 Rh3#) 65. Kf5 Qf1+ 66. Ke4 Qf2 67. Kd3 Kd5 68. Kc3 Qd4#) 54... Rh1 55. Ke5 Rxh5+ 56. Kd6 {[%emt 0:00:01][%cal Ob7f7] Intending Rf7! and mate.} Rh4 57. Rc7+ (57. Rxg7 $5 Rd4+ $8 58. Kc5 $11) 57... Kb8 {[%emt 0:01:18] ( -> ...Rd4+)} 58. Rb7+ (58. Rxg7 $5 Rd4+ $8 59. Kc5 $11) 58... Kc8 59. Rxg7 (59. Ra7 $5 Rd4+ $8 60. Kc5 $11) 59... Rd4+ 60. Kc5 Rb4 61. Rg2 Kc7 62. Rg7+ Kc8 63. Rh7 Rxb2 64. Rh8+ (64. Kd6 $5 Rd2+ $8 65. Kc5 $11) 64... Kc7 65. Rh7+ {[%emt 0:00:02] And White is the lucky defender.   Weighted Error Value: White=0.07 (flawless) /Black=0.06 (flawless) .  Mistake:       	White=1     	Black=1      Inaccurate:     	White=1     	Black=3      OK:         	White=18    	Black=25     Best:        	White=10    	Black=9      Strong:       	White=1     	Black=4} 1/2-1/2

[Event "45th FIDE Olympiad 2024"]
[Site "Budapest"]
[Date "2024.09.15"]
[Round "5.52"]
[White "Moses, Ina Ebenezer Conteh"]
[Black "Lima, Osvaldo Dos Santos"]
[Result "0-1"]
[ECO "B06"]
[WhiteElo "1631"]
[BlackElo "1903"]
[PlyCount "112"]
[EventDate "2024.09.05"]
[EventType "team-tourn"]
[EventCountry "HUN"]
[WhiteTeam "Sierra Leone"]
[BlackTeam "Sao Tome and Principe"]
[WhiteTeamCountry "SIE"]
[BlackTeamCountry "SAO"]
[TimeControl "40/5400+30:1800+30"]

1. e4 g6 2. d4 Bg7 3. Nf3 d6 4. Bd3 Bg4 5. Nbd2 Nc6 6. c3 Nf6 7. h3 Bd7 8. b4 e6 9. O-O O-O 10. Re1 e5 11. b5 Na5 12. dxe5 dxe5 13. Nxe5 Be6 14. Ndf3 h6 15. Bb2 Nh5 16. Qc2 Qd6 17. c4 b6 18. Rad1 Qe7 19. Bc3 Nb7 20. Nc6 Qe8 21. a4 Nf4 22. Bf1 Nc5 23. Bxg7 Kxg7 24. Qd2 g5 25. h4 f6 26. e5 Qf7 27. exf6+ Qxf6 28. Qd4 Bg4 29. Qxf6+ Kxf6 30. hxg5+ hxg5 31. Re7 Bxf3 32. gxf3 Nfe6 33. Bh3 Nf4 34. Bg4 Rf7 35. Rxf7+ Kxf7 36. Re1 a6 37. Re7+ Kf6 38. Rxc7 axb5 39. axb5 Ra1+ 40. Kh2 Ncd3 41. Nd4 Rf1 42. Rc6+ Ke5 43. Nf5 Rxf2+ 44. Kh1 Rg2 45. Re6+ Nxe6 46. Kxg2 Nb2 47. Ne3 Nf4+ 48. Kf2 Kd4 49. Bd7 Nbd3+ 50. Kg3 Kxe3 51. Kg4 Ne5+ 52. Kxg5 Nxd7 53. Kg4 Ne5+ 54. Kf5 Nxc4 55. Kf6 Kxf3 56. Ke7 Ke4 {0-} 0-1

[Event "45th FIDE Olympiad 2024"]
[Site "Budapest"]
[Date "2024.09.15"]
[Round "5.53"]
[White "Martirosyan, Haik M."]
[Black "Grandelius, Nils"]
[Result "1/2-1/2"]
[ECO "D17"]
[WhiteElo "2667"]
[BlackElo "2653"]
[Annotator "TA"]
[PlyCount "38"]
[EventDate "2024.09.05"]
[EventType "team-tourn"]
[EventCountry "HUN"]
[SourceTitle "playchess.com"]
[Source "ChessBase"]
[SourceQuality "1"]
[WhiteTeam "Armenia"]
[BlackTeam "Sweden"]
[WhiteTeamCountry "ARM"]
[BlackTeamCountry "SWE"]
[TimeControl "40/5400+30:1800+30"]

1. d4 d5 2. c4 c6 3. Nf3 Nf6 4. Nc3 dxc4 5. a4 Bf5 6. Ne5 Nbd7 7. Nxc4 Qc7 8. g3 e5 9. dxe5 Nxe5 10. Bf4 Nfd7 11. Qc1 {[%emt 0:02:03] [#] Bxe5 is the strong threat.} f6 12. Bg2 Be6 13. Nxe5 fxe5 14. Be3 Nc5 15. Qc2 Bb3 {[%emt 0:00:27] The position is equal.} 16. Qf5 Be6 17. Qc2 Bb3 18. Qb1 Bf7 19. Qc2 Bb3 {[%emt 0:06:13] A rather calm draw.   Weighted Error Value: White=0.07 (flawless) /Black=0.00 (flawless) .  OK:         	White=4     	Black=7      Best:        	---       	Black=1} 1/2-1/2

[Event "45th FIDE Olympiad 2024"]
[Site "Budapest"]
[Date "2024.09.15"]
[Round "5.53"]
[White "Ayyad, Husain"]
[Black "Misambo, .J. Kilasa"]
[Result "1-0"]
[ECO "B07"]
[WhiteElo "2129"]
[BlackElo "1959"]
[PlyCount "101"]
[EventDate "2024.09.05"]
[EventType "team-tourn"]
[EventCountry "HUN"]
[WhiteTeam "Bahrain"]
[BlackTeam "Tanzania"]
[WhiteTeamCountry "BHN"]
[BlackTeamCountry "TAN"]
[TimeControl "40/5400+30:1800+30"]

1. e4 d6 2. d4 Nf6 3. Nc3 g6 4. Bg5 Bg7 5. f3 c6 6. Qd2 h6 7. Be3 Nbd7 8. O-O-O Qa5 9. Kb1 b5 10. Nh3 Ba6 11. e5 dxe5 12. dxe5 Nxe5 13. Nxb5 Qxd2 14. Nc7+ Kd8 15. Ne6+ fxe6 16. Rxd2+ Ke8 17. Bxa6 Kf7 18. c4 Rab8 19. Re1 Ned7 20. Red1 Rhd8 21. b3 g5 22. Kc2 Ke8 23. a4 Nb6 24. Rxd8+ Rxd8 25. Rxd8+ Kxd8 26. a5 Kc7 27. axb6+ axb6 28. b4 Nd7 29. b5 c5 30. Nf2 Be5 31. h3 Bg7 32. Nd3 Nf8 33. Bf2 Nd7 34. Kd2 e5 35. Bg3 e6 36. Nf2 Kb8 37. Ne4 Kc7 38. h4 gxh4 39. Bxh4 Nb8 40. Be7 Nxa6 41. bxa6 Kb8 42. Bf6 Bf8 43. Bxe5+ Ka7 44. g4 Kxa6 45. Kc3 b5 46. Bd6 Bg7+ 47. Kb3 bxc4+ 48. Kxc4 Kb6 49. Ng3 Kc6 50. Bxc5 Kd7 51. Nh5 1-0

[Event "45th FIDE Olympiad 2024"]
[Site "Budapest"]
[Date "2024.09.15"]
[Round "5.54"]
[White "Blomqvist, Erik"]
[Black "Sargsyan, Shant"]
[Result "1/2-1/2"]
[ECO "C88"]
[WhiteElo "2491"]
[BlackElo "2649"]
[Annotator "TA"]
[PlyCount "60"]
[EventDate "2024.09.05"]
[EventType "team-tourn"]
[EventCountry "HUN"]
[SourceTitle "playchess.com"]
[Source "ChessBase"]
[SourceQuality "1"]
[WhiteTeam "Sweden"]
[BlackTeam "Armenia"]
[WhiteTeamCountry "SWE"]
[BlackTeamCountry "ARM"]
[TimeControl "40/5400+30:1800+30"]

1. e4 e5 2. Nf3 Nc6 3. Bb5 a6 4. Ba4 Nf6 5. O-O Be7 6. Re1 b5 7. Bb3 O-O 8. a4 b4 9. d4 d6 10. dxe5 Nxe5 11. Nxe5 dxe5 12. Qe2 Bc5 13. Be3 Bd4 14. Bxd4 Qxd4 15. Rd1 Bg4 16. Rxd4 Bxe2 17. Rxb4 {[%emt 0:00:57] [#] aiming for Nc3. The position is equal.} a5 $1 18. Rb7 {[%emt 0:00:49] Threatens to win with Nc3.} Rfc8 $1 19. Ba2 Nxe4 ({Of course not} 19... Ba6 20. Rb3 $16) 20. Rb3 {[%emt 0:01:33] Re3 is the strong threat.} Bc4 21. Re3 Bxa2 22. Rxe4 Bxb1 23. Rxb1 $11 {[%emt 0:00:06][%mdl 4096] Endgame. KRR-KRR} f6 24. f4 exf4 25. Rxf4 c5 26. Rd1 Rd8 27. Rxd8+ Rxd8 28. Rc4 Rd5 29. Kf2 Kf7 30. b3 h5 {[%emt 0:00:11] A rather calm draw.   Weighted Error Value: White=0.01 (flawless) /Black=0.01 (flawless) .  OK:         	White=12    	Black=10     Best:        	---       	Black=2      Strong:       	---       	Black=2} 1/2-1/2

[Event "45th FIDE Olympiad 2024"]
[Site "Budapest"]
[Date "2024.09.15"]
[Round "5.54"]
[White "Veer, Gandhi"]
[Black "Ayyad, Maher"]
[Result "1/2-1/2"]
[ECO "A02"]
[WhiteElo "1792"]
[BlackElo "1980"]
[PlyCount "139"]
[EventDate "2024.09.05"]
[EventType "team-tourn"]
[EventCountry "HUN"]
[WhiteTeam "Tanzania"]
[BlackTeam "Bahrain"]
[WhiteTeamCountry "TAN"]
[BlackTeamCountry "BHN"]
[TimeControl "40/5400+30:1800+30"]

1. f4 Nf6 2. Nf3 g6 3. b3 Bg7 4. Bb2 d6 5. e3 c5 6. Be2 O-O 7. O-O Nc6 8. Kh1 a6 9. c4 e5 10. fxe5 Ng4 11. h3 Ngxe5 12. d4 Nxf3 13. Rxf3 cxd4 14. exd4 Qh4 15. Qd2 Bh6 16. Qd1 Bg4 17. Rf1 Bxh3 18. Qe1 Qxe1 19. Rxe1 Bf5 20. Bf3 Nb4 21. Na3 Nd3 22. Re2 Nxb2 23. Rxb2 Rab8 24. Re2 b5 25. Rae1 Bg5 26. Rd1 Bf6 27. Kg1 g5 28. cxb5 axb5 29. Rf2 Kg7 30. Bc6 Bg4 31. Rd3 b4 32. Nc2 Rb6 33. Bd5 Be6 34. Ne3 Rc8 35. Rd1 Rc3 36. Bxe6 fxe6 37. Ng4 Bd8 38. Re1 h5 39. Nh2 g4 40. Rfe2 Bf6 41. Rxe6 Bxd4+ 42. Kh1 Be5 43. R1xe5 dxe5 44. Rxb6 Rc1+ 45. Nf1 Rxf1+ 46. Kh2 Rf2 47. Kg3 Rxa2 48. Kh4 Rxg2 49. Kxh5 g3 50. Kg4 Rb2 51. Kxg3 Rxb3+ 52. Kf2 Kf7 53. Ke2 Rb1 54. Kd3 b3 55. Kc3 e4 56. Rxb3 Rxb3+ 57. Kxb3 Ke6 58. Kc3 Ke5 59. Kd2 Kd4 60. Ke2 e3 61. Ke1 Ke4 62. Ke2 Kf4 63. Ke1 Kf3 64. Kf1 Kf4 65. Ke2 Ke4 66. Ke1 Kd3 67. Kd1 Kc3 68. Ke2 Kd4 69. Ke1 e2 70. Kxe2 1/2-1/2